 Dungeon Crawl Stone Soup version 0.21-a0-150-gc243083 (webtiles) character file.

13543 Manul the Cleaver (level 11, -16/84 HPs)
             Began as a Mummy Gladiator on July 29, 2017.
             Was an Initiate of Gozag.
             Demolished by Rupert
             ... wielding a +2 triple sword of holy wrath
              (17 damage)
             ... on level 2 of the Orcish Mines.
             The game lasted 00:17:38 (14823 turns).

Manul the Cleaver (Mummy Gladiator)                Turns: 14823, Time: 00:17:39

Health: -16/84     AC: 13    Str: 19    XL:     11   Next: 77%
Magic:  12/12      EV: 10    Int: 11    God:    Gozag
Gold:   1000       SH:  0    Dex: 17    Spells: 10/10 levels left

rFire    x . .     SeeInvis .   y - +1 battleaxe (venom)
rCold    + . .     Gourm    .   (shield currently unavailable)
rNeg     + + +     Faith    .   k - +1 chain mail of Infinity {Int+2 Slay+3}
rPois    ∞         Spirit   .   B - +1 hat
rElec    .         Reflect  .   g - +0 cloak
rCorr    .         Harm     .   (no gloves)
MR       +....                  (no boots)
Stlth    ..........             (no amulet)
HPRegen  0.24/turn              (no ring)
MPRegen  0.13/turn              w - +3 ring of dexterity

@: no status effects
A: no food or potions, fire vulnerability, cold resistance 1, negative energy
resistance 3, torment resistance, unbreathing
a: Potion Petition, Call Merchant, Bribe Branch, Renounce Religion


You were on level 2 of the Orcish Mines.
You worshipped Gozag.
Gozag was most pleased with you.
You were not hungry.

You visited 3 branches of the dungeon, and saw 14 of its levels.

You collected 1733 gold pieces.
You spent 70 gold pieces at shops.
You paid 663 gold pieces to Gozag.

Inventory:

Hand Weapons
 d - a +0 battleaxe
 y - a +1 battleaxe of venom (weapon)
Armour
 c - a +1 helmet
 g - a +0 cloak (worn)
 k - the +1 chain mail of Infinity (worn) {Int+2 Slay+3}
   (You found it on level 5 of the Dungeon)

   It affects your intelligence (+2).
   It affects your accuracy and damage with ranged weapons and melee attacks
   (+3).
 z - a cursed -2 plate armour
 B - a +1 hat (worn)
Jewellery
 h - an uncursed ring of magical power
 w - a +3 ring of dexterity (right hand)
Wands
 a - a wand of lightning (8/15)
 j - a wand of clouds (0/9)
 l - a wand of flame (13/48)
 m - a wand of iceblast (2/15)
 q - a wand of lightning (5/15)
 s - a wand of lightning (6/15)
 x - a wand of scattershot (6/9)
Scrolls
 b - 5 scrolls of teleportation
 e - 4 scrolls of remove curse
 f - 3 scrolls of blinking
 n - 2 scrolls of enchant weapon
 o - a scroll of immolation {unknown}
 r - 2 scrolls of magic mapping
 t - a scroll of enchant armour
 u - a scroll of fear
 A - a scroll of recharging
Books
 i - a book of Air

   Spells                             Type                      Level
   a - Shock                          Conjuration/Air              1
   b - Swiftness                      Charms/Air                   2
   c - Static Discharge               Conjuration/Air              3
   d - Airstrike                      Air                          4
   e - Lightning Bolt                 Conjuration/Air              5
 v - a book of Geomancy

   Spells                             Type                      Level
   a - Sandblast                      Earth                        1
   b - Passwall                       Transmutation/Earth          2
   c - Stone Arrow                    Conjuration/Earth            3
   d - Petrify                        Transmutation/Earth          4
   e - Lee's Rapid Deconstruction     Earth                        5


   Skills:
 + Level 7.5 Fighting
 + Level 12.2 Axes
 - Level 1.7 Throwing
 * Level 7.2 Armour
 + Level 4.8 Dodging
 - Level 0.1 Stealth
 + Level 1.4 Evocations


You had 10 spell levels left.
You didn't know any spells.

Dungeon Overview and Level Annotations

Branches:
Dungeon (11/15)            Temple (1/1) D:6            Lair (0/6) D:10
    Orc (2/2) D:9
    Elf: Orc:2

Altars:
Ashenzari
Cheibriados
Dithmenos
Elyvilon
Fedhas
Gozag
Hepliaklqana
Kikubaaqudgha
Makhleb
Nemelex Xobeh
Okawaru
Qazlal
Ru
Sif Muna
Trog
Uskayaw
Vehumet
Wu Jian
Xom
Yredelemnul
Zin
The Shining One

Shops:
D:5 ?   D:9 [   D:10 ([

Annotations:
Orc:2 Rupert


Innate Abilities, Weirdness & Mutations

You do not eat or drink.
Your flesh is vulnerable to fire.
You are immune to poison.
Your flesh is cold resistant. (rC+)
You are immune to negative energy. (rN+++)
You are immune to unholy pain and torment.
You can survive without breathing.


Message History

Rupert goes berserk!
You can move again.
Unknown command.
Evoke which item? (* to show all) (? for menu, Esc to quit)
You're too confused!
Unknown command.
Rupert rages.
Rupert hits you with a triple sword of holy wrath!!
You convulse!!
You're too confused!
You're too confused!
You feel less confused.
Rupert hits you with a triple sword of holy wrath!!
* * * LOW HITPOINT WARNING * * *
You convulse!
* * * LOW HITPOINT WARNING * * *
Unknown command.
Rupert hits you with a triple sword of holy wrath!
You die...
Your body crumbles into a pile of gold.

#...................$$......
............................
....##.#.##.)...............
..[..#####..#)..............
..[((#.##....#..............
..)[...###....#.............
#......<##$..................
##......$$#............$........
##.....#.#.....@@..............
#......##......................
#.......###............$........
#.....#.# ###...................
......### #....................
......# #....................
...... ##...................
#....................
#....................


You could see Rupert (berserk).

Vanquished Creatures
  Snorg (D:9)
  Erolcha (D:9)
  Erica (D:9)
  3 two-headed ogres
  3 ugly things
  Psyche (D:9)
  Maurice (D:9)
  Prince Ribbit (D:9)
  2 trolls
  A hippogriff (D:9)
  2 hungry ghosts (D:9)
  Edmund (D:7)
  2 porcupines (D:10)
  10 orc warriors
  3 sky beasts
  An ice beast (D:10)
  A phantom (D:9)
  7 ogres
  6 centaurs
  A crocodile (D:8)
  3 big kobolds (D:10)
  8 bullfrogs
  A gnoll sergeant (D:10)
  A wyvern zombie (D:10)
  A wyvern skeleton (D:6)
  A water moccasin skeleton (D:5)
  9 scorpions
  10 wights
  7 howler monkeys
  2 crimson imps
  2 bullfrog zombies
  A centaur zombie (D:10)
  4 hounds
  A quasit (D:9)
  4 jellies
  14 orc wizards
  Crazy Yiuf (D:6)
  7 orc priests
  A gnoll shaman (D:5)
  2 bullfrog skeletons
  An iguana (D:8)
  11 worker ants
  A howler monkey zombie (D:8)
  6 gnolls
  8 adders
  2 oozes (D:3)
  An adder skeleton (D:6)
  5 worms
  4 dart slugs (D:1)
  4 leopard geckos
  56 orcs
  13 giant cockroaches
  14 goblins
  4 hobgoblins
  21 jackals
  11 kobolds
  3 quokkas
  2 ball pythons
  9 bats
  11 frilled lizards
  2 goblin zombies (D:9)
  A hobgoblin zombie (D:9)
  A kobold zombie (D:9)
  2 leopard gecko skeletons
  2 orc skeletons (D:9)
  3 orc zombies (D:9)
  A quokka skeleton (D:4)
  6 rats
  A fungus (D:10)
  A plant (D:10)
336 creatures vanquished.

Vanquished Creatures (others)
  An orc wizard (D:10)
1 creature vanquished.

Grand Total: 337 creatures vanquished

Notes
Turn   | Place    | Note
-------+----------+-------------------------------------------
     0 | D:1      | Manul the Mummy Gladiator began the quest for the Orb.
     0 | D:1      | Reached XP level 1. HP: 16/16 MP: 1/1
    41 | D:1      | Reached XP level 2. HP: 14/22 MP: 2/2
   884 | D:1      | Reached XP level 3. HP: 27/27 MP: 3/3
  1380 | D:2      | Reached skill level 3 in Axes
  1444 | D:2      | Reached XP level 4. HP: 33/33 MP: 4/4
  2031 | D:2      | Reached skill level 1 in Armour
  2398 | D:3      | Reached XP level 5. HP: 38/39 MP: 5/5
  2662 | D:3      | Reached skill level 4 in Axes
  2919 | D:3      | Found a deep blue altar of Sif Muna.
  3503 | D:4      | Reached XP level 6. HP: 31/46 MP: 6/6
  3814 | D:5      | Entered Level 5 of the Dungeon
  4919 | D:5      | Reached skill level 5 in Axes
  4919 | D:5      | Reached XP level 7. HP: 52/52 MP: 7/7
  5383 | D:5      | Found Fuihivan's Magic Scroll Shop.
  5706 | D:5      | Reached skill level 6 in Axes
  5821 | D:5      | Reached XP level 8. HP: 18/60 MP: 8/8
  6340 | D:6      | Found a shattered altar of Ashenzari.
  6441 | D:5      | Got a jewelled chain mail
  6452 | D:5      | Identified the +1 chain mail of Infinity {Int+2 Slay+3} (You found it on level 5 of the Dungeon)
  6777 | D:6      | Found a runed door.
  6816 | D:6      | Noticed Edmund
  6852 | D:7      | Killed Edmund
  6852 | D:7      | Reached skill level 7 in Axes
  7034 | D:6      | Found a staircase to the Ecumenical Temple.
  7178 | Temple   | Entered the Ecumenical Temple
  7246 | Temple   | Became a worshipper of Gozag Ym Sagoz the Greedy
  7332 | D:6      | Noticed Crazy Yiuf
  7336 | D:6      | Killed Crazy Yiuf
  7464 | D:5      | Bought a scroll of teleportation for 30 gold pieces
  7464 | D:5      | Bought a scroll of identify for 20 gold pieces
  7464 | D:5      | Bought a scroll of identify for 20 gold pieces
  7931 | D:7      | Got a faintly glowing long sword
  7933 | D:7      | Identified the cursed +0 long sword of Jikisat {freeze, rF+ MR++} (You found it on level 7 of the Dungeon)
  7997 | D:7      | Reached XP level 9. HP: 67/67 MP: 9/9
  8048 | D:7      | Reached skill level 5 in Fighting
  8172 | D:7      | Reached skill level 8 in Axes
  8345 | D:8      | Noticed a two-headed ogre
  8369 | D:8      | Killed a two-headed ogre
  8458 | D:8      | Found a sparkling altar of Nemelex Xobeh.
  8516 | D:8      | Noticed a two-headed ogre
  8539 | D:8      | Killed a two-headed ogre
  8539 | D:8      | Reached skill level 9 in Axes
  8681 | D:8      | Reached XP level 10. HP: 76/76 MP: 10/10
  8878 | D:7      | Reached skill level 5 in Armour
  8967 | D:8      | Noticed a brown ugly thing
  8983 | D:8      | Killed a brown ugly thing
  8983 | D:8      | Reached skill level 1 in Evocations
  9312 | D:8      | Found a shimmering altar of Xom.
  9664 | D:9      | Noticed Psyche
  9670 | D:9      | Killed Psyche
  9670 | D:9      | Reached skill level 10 in Axes
  9701 | D:9      | Found Rulunocu's Armour Shop.
 10072 | D:9      | Noticed Maurice
 10081 | D:9      | Killed Maurice
 10263 | D:9      | Found a staircase to the Orcish Mines.
 10264 | D:9      | Noticed a two-headed ogre
 10329 | D:9      | Killed a two-headed ogre
 10838 | D:9      | Found a glowing golden altar of the Shining One.
 10981 | D:9      | Noticed Erolcha
 11008 | D:9      | Killed Erolcha
 11433 | D:9      | Noticed Erica
 11437 | D:9      | Reached skill level 11 in Axes
 11450 | D:9      | Killed Erica
 11450 | D:9      | Reached XP level 11. HP: 49/83 MP: 12/12
 11822 | D:10     | Entered Level 10 of the Dungeon
 12089 | D:10     | Found Ugyn's Armour Shop.
 12177 | D:10     | Found a deep blue altar of Sif Muna.
 12238 | D:10     | Found a staircase to the Lair.
 12786 | D:11     | Noticed a green ugly thing
 12803 | D:11     | Killed a green ugly thing
 13078 | D:11     | Noticed a purple ugly thing
 13080 | D:11     | Noticed an eight-headed hydra
 13098 | D:10     | Killed a purple ugly thing
 13308 | Orc:1    | Entered Level 1 of the Orcish Mines
 13326 | Orc:1    | Noticed Snorg
 13328 | Orc:1    | Reached skill level 12 in Axes
 13405 | D:9      | Killed Snorg
 13435 | D:9      | Noticed Prince Ribbit
 13468 | D:9      | Killed Prince Ribbit
 13919 | Orc:2    | Entered Level 2 of the Orcish Mines
 14806 | Orc:2    | Noticed Rupert
 14813 | Orc:2    | Paralysed by Rupert for 6 turns
 14822 | Orc:2    | HP: 1/84 [Rupert/triple sword of holy wrath (12)]
 14823 | Orc:2    | Demolished by Rupert

Vault maps used:
D:1:      shiori_arrival_oz
D:3:      minmay_roachtagon, marbit_many_paths, first_bread, minmay_crystal_room
D:4:      kennysheep_boxes
D:5:      serial_shops, nicolae_shop_temple_entry_statues_fountains,
          hangedman_decor_opposing, nicolae_underground_beach
D:6:      lemuel_ice_spiral_2, nicolae_overflow_crystal_walls,
          minmay_temple_entry_poolview, minmay_fountain_box,
          uniq_crazy_yiuf_cottage, uniq_edmund
D:7:      grunt_ogre_cave, nrook_mini_vaults
D:8:      xom_butterflies, nemelex_altar_shiori
D:9:      nicolae_tso_besieged_by_evil, david_orc_3, serial_shops,
          nicolae_shop_crystal, uniq_erica, uniq_psyche, uniq_prince_ribbit1,
          uniq_erolcha, uniq_maurice
D:10:     kennysheep_orc_sif_temple, grunt_lair_entry_orc_guard_hut,
          serial_shops, nicolae_shop_behind_doors
D:11:     basic_altar
Temple:   compressed_dpeg_circular_temple
Orc:1:    nicolae_orc_bridge_out, uniq_snorg
Orc:2:    st_orc_mages, uniq_rupert

Skill      XL: |  1  2  3  4  5  6  7  8  9 10 11 |
---------------+----------------------------------+-----
Dodging        | 3 4 |  4.8
Axes           | 3 4 5 6 7 9 11 12 | 12.2
Armour         | 1 2 3 4 6 7 |  7.2
Fighting       | 3 4 6 7 |  7.5
Evocations     | 1 |  1.4
Throwing       | |  1.7
Stealth        | |  0.1

Action                   |  1- 3 |  4- 6 |  7- 9 | 10-12 || total
-------------------------+-------+-------+-------+-------++-------
Melee: War axe           |   134 |   322 |   284 |    30 ||   770
       Battleaxe         |       |       |       |   371 ||   371
Throw: Throwing net      |       |     2 |     3 |     1 ||     6
Invok: Potion Petition   |       |       |       |     1 ||     1
       Call Merchant     |       |       |       |     1 ||     1
Evoke: Wand              |       |       |     4 |    10 ||    14
  Use: Scroll            |     2 |     7 |     4 |     7 ||    20
 Stab: Held in net/web   |       |     2 |     1 |       ||     3
       Distracted        |       |       |     1 |     5 ||     6
       Confused          |       |       |       |     1 ||     1
Armor: Leather armour    |    22 |       |       |       ||    22
       Ring mail         |    31 |   123 |       |       ||   154
       Chain mail        |       |    22 |   144 |   242 ||   408
Dodge: Dodged            |    97 |   284 |   115 |   191 ||   687
